Cogmind - Beta 13 @@@ ROGUE MODE // 2024.05.08 @ 00:08:11 Player: P9H Result: Destroyed by S-10 Pest with Light Assault Rifle Performance ------------- Evolutions (1) 500 Regions Visited (2) 400 Robots Destroyed (9) 45 Value Destroyed (332) 332 Prototype IDs (0) 0 Alien Tech Used (0) 0 Bonus (200) 200 TOTAL SCORE: 1477 Bonus ------- Pacifist 200 Cogmind --------- Core Integrity 0/400 Matter 300/300 Energy 90/100 System Corruption 1% Temperature Cool (0) Movement Treading (160) Location -9/Materials Parts ------- > --- POWER (2) -------- (None) > --- PROPULSION (2) --- Improved Treads Improved Treads > --- UTILITY (3) ------ Large Storage Unit Light Armor Plating > --- WEAPON (2) ------- Medium Laser > --- INVENTORY (15) --- Light Treads Light Treads Aluminum Leg Wheel Wheel Weight Redist. System Small Laser Beam Rifle Peak State ------------ > --- POWER ------------ (None) > --- PROPULSION ------- Improved Treads Improved Treads > --- UTILITY ---------- Large Storage Unit Light Armor Plating Shield Generator > --- WEAPON ----------- Medium Laser Small Laser > --- INVENTORY -------- Light Treads Light Treads Aluminum Leg Wheel Wheel Weight Redist. System Small Laser Beam Rifle [Rating: 11] Favorites ----------- Power Light Ion Engine Engine Light Ion Engine Propulsion Aluminum Leg Treads Improved Treads Leg Aluminum Leg Utility Large Storage Unit Device Weight Redist. System Storage Large Storage Unit Protection Light Armor Plating Weapon Small Laser Energy Gun Small Laser Launcher Grenade Launcher Build | -11 -10 -9 ------- Run | Yrd Mat Mat Slots Evolved 2 | . . 2 Power 1 | . . 1 Propulsion . | . . . Utility 1 | . . 1 Weapon . | . . . Parts Attached 22 | 6 2 14 Power 3 | 1 . 2 Engine 3 | 1 . 2 Core . | . . . Reactor . | . . . Propulsion 6 | 2 . 4 Treads 2 | . . 2 Leg 4 | 2 . 2 Wheel . | . . . Hover . | . . . Flight . | . . . Utility 7 | 1 1 5 Device 3 | . . 3 Storage 3 | 1 1 1 Processor . | . . . Hackware . | . . . Protection 1 | . . 1 Artifact . | . . . Weapon 6 | 2 1 3 Energy Gun 5 | 2 . 3 Energy Cannon . | . . . Ballistic Gun . | . . . Ballistic Cannon . | . . . Launcher 1 | . 1 . Special Weapon . | . . . Impact Weapon . | . . . Slashing Weapon . | . . . Piercing Weapon . | . . . Special Melee Weapon . | . . . Unidentified Prototypes . | . . . Parts Lost 10 | . . 10 Power 3 | . . 3 Propulsion 2 | . . 2 Utility 1 | . . 1 Weapon 4 | . . 4 Highest Loss Streak 4 | . . 4 To Critical Strikes . | . . . Average Slot Usage (%) 69 | . 95 65 Engine 4 | . 14 2 Treads 2 | . . 2 Leg 15 | . 28 13 Device 9 | . . 11 Storage 12 | . 24 11 Protection 2 | . . 3 Energy Gun 19 | . 16 20 Launcher 2 | . 11 . Naked Turns . | . . . Heaviest Build 32 | 10 15 32 Greatest Support 46 | 20 20 46 Greatest Overweight (x) 2 | . . 2 Average Overweight (x) . | . . 1 Largest Inventory Capacity 15 | 8 8 15 Average Capacity 13 | 7 8 14 Most Carried 10 | 6 8 10 Average Carried 7 | 4 7 7 Final Capacity 15 | 8 8 15 Final Carried 8 | 6 8 8 Class Distribution -------------------- 88% | Mutant 11% | Scavenger-Mutant Dominant Class ---------------- Mutant | -10/Materials Mutant | -9/Materials Resources | -11 -10 -9 ----------- Run | Yrd Mat Mat Matter Collected 357 | 251 . 106 Remotely . | . . . Salvage Created 278 | . . 278 Parts 15 | . . 15 Haulers Intercepted . | . . . Recyclers Shooed . | . . . Parts Field Recycled . | . . . Retrieved Matter . | . . . Parts Self-Destructed . | . . . Prevented . | . . . Kills | -11 -10 -9 ------- Run | Yrd Mat Mat Combat Hostiles Destroyed 9 | . . 9 Guns 9 | . . 9 Classes Destroyed 4 | . . 4 Grunt 6 | . . 6 Brawler 1 | . . 1 Duelist 1 | . . 1 Sentry 1 | . . 1 Best Kill Streak 3 | . . 3 Combat Bots Only 3 | . . 3 Max Kills in Single Turn 1 | . . 1 Gunslinging . | . . . Exploded . | . . . Melee . | . . . Uniques/NPCs Destroyed . | . . . Combat | -11 -10 -9 -------- Run | Yrd Mat Mat Hostile Shots Fired 147 | . . 147 Missed 39 | . . 39 Damage Taken 1553 | . 55 1498 Core 404 | . . 404 Absorbed by Shields 12 | . . 12 Core Remaining (%) 100 | 100 100 . Volleys Fired 45 | . . 45 Largest 2 | . . 2 Hottest 90 | . . 90 Shots Fired 75 | . . 75 Gun 70 | . . 70 Cannon . | . . . Launcher 5 | . . 5 Special . | . . . Kinetic . | . . . Thermal 70 | . . 70 Explosive 5 | . . 5 Electromagnetic . | . . . Robot Hit Streak 6 | . . 6 Robot Miss Streak 3 | . . 3 Penetration Max . | . . . Secondary Targets 2 | . . 2 Max Gunslinging Chain 1 | . . 1 Shots Hit Robots 44 | . . 44 Core Hits 22 | . . 22 Critical Kills . | . . . Critical Parts Destroyed . | . . . Critical Strikes . | . . . Melee Attacks . | . . . Impact . | . . . Slashing . | . . . Piercing . | . . . Sneak Attacks . | . . . Combat Hostiles . | . . . Follow-up Attacks . | . . . Damage Inflicted 863 | . . 863 Guns 515 | . . 515 Cannons . | . . . Explosions 306 | . . 306 Melee . | . . . Ramming 42 | . . 42 Kinetic . | . . . Thermal 515 | . . 515 Explosive 306 | . . 306 Electromagnetic . | . . . Impact . | . . . Slashing . | . . . Piercing . | . . . Highest Corruption 1 | . 1 1 Average Corruption 1 | . 1 1 Corruption Purged . | . . . Corruption Blocked . | . . . Effects 1 | . . 1 Energy Discharges 1 | . . 1 Overload Shots . | . . . Overflow Damage 2 | . . 2 Projectiles . | . . . Explosions 2 | . . 2 Melee . | . . . Knockbacks . | . . . Impact . | . . . Kinetic . | . . . Secondary . | . . . Self-Inflicted Damage 70 | . . 70 Shots 2 | . . 2 Rammed 3 | . . 3 Targets Rammed 19 | . . 19 Kicked 16 | . . 16 Crushed . | . . . Highest Temperature 93 | . . 93 Average Temperature 38 | . . 38 Received Heat Transfer 510 | . . 510 Siege Activations . | . . . Robots Corrupted . | . . . Combat Hostiles . | . . . Parts Fried . | . . . Impact Corruptions . | . . . Robots Melted . | . . . Combat Hostiles . | . . . Parts Melted 1 | . . 1 Heat Transferred 1352 | . . 1352 Parts Sabotaged . | . . . Parts Stolen . | . . . Parts Stripped . | . . . Power Chain Reactions . | . . . Alert | -11 -10 -9 ------- Run | Yrd Mat Mat Peak Influence 140 | . . 140 Initial . | . . . Average 50 | . . 63 Maximum Alert Level . | . . . Low Security (%) 100 | 100 100 100 Level 1 . | . . . Level 2 . | . . . Level 3 . | . . . Level 4 . | . . . Level 5 . | . . . High Security . | . . . Max Security . | . . . Squads Dispatched 3 | . . 3 Investigation 1 | . . 1 Extermination . | . . . Reinforcement 2 | . . 2 Assault . | . . . Garrison . | . . . Intercept . | . . . Searches Triggered . | . . . Construction Impeded 1 | . . 1 Haulers Reinforced . | . . . Active Scanning Responses . | . . . Cargo Convoy Interrupts . | . . . Stealth | -11 -10 -9 --------- Run | Yrd Mat Mat Distress Signals 2 | . . 2 Communications Jammed . | . . . Distress Signals . | . . . Times Spotted 20 | . 1 19 Peak Tracking Total 7 | . 1 7 Tactical Retreats 2 | . . 2 Traps | -11 -10 -9 ------- Run | Yrd Mat Mat Traps Triggered 2 | . 1 1 Indirectly . | . . . Trap Hack Attempts . | . . . Triggered . | . . . Disarmed . | . . . Reprogrammed . | . . . Reused . | . . . Traps Extracted . | . . . Installed . | . . . Triggered . | . . . Machines | -11 -10 -9 ---------- Run | Yrd Mat Mat Machines Disabled . | . . . Max in Single Turn . | . . . Machines Repaired . | . . . Machines Dismantled . | . . . Machines Sabotaged . | . . . Overloaded Fab Kills . | . . . Hacking | -11 -10 -9 --------- Run | Yrd Mat Mat Machines Accessed 1 | . 1 . Terminals . | . . . Fabricators . | . . . Repair Stations . | . . . Recycling Units 1 | . 1 . Scanalyzers . | . . . Garrison Access . | . . . Total Hacks 1 | . 1 . Successful 1 | . 1 . Failed . | . . . Catastrophic . | . . . Database Lockouts . | . . . Manual . | . . . Terminals . | . . . Fabricators . | . . . Repair Stations . | . . . Recycling Units 1 | . 1 . Scanalyzers . | . . . Garrison Access . | . . . Terminal Hacks . | . . . Fabricator Hacks . | . . . Repair Station Hacks . | . . . Recycling Unit Hacks 1 | . 1 . Retrieve Components 1 | . 1 . Scanalyzer . | . . . Garrison Access Hacks . | . . . Unauthorized Hacks . | . . . Terminals . | . . . Fabricators . | . . . Repair Stations . | . . . Recycling Units . | . . . Scanalyzers . | . . . Garrison Access . | . . . Data Cores Recovered . | . . . Used . | . . . Hacking Detections . | . . . Full Trace Events . | . . . Feedback Events . | . . . Feedback Blocked . | . . . Robot Schematics Acquired . | . . . Robots Built . | . . . Authchips . | . . . Time . | . . . Total Robot Build Rating . | . . . Part Schematics Acquired . | . . . Parts Built . | . . . Authchips . | . . . Time . | . . . Total Part Build Rating . | . . . Parts Repaired . | . . . Time . | . . . Parts Recycled . | . . . Recycled Matter . | . . . Retrieved Matter . | . . . Retrieved Components 2 | . 2 . Parts Scanalyzed . | . . . Part Schematics Acquired . | . . . Parts Damaged . | . . . Bothacking | -11 -10 -9 ------------ Run | Yrd Mat Mat Used RIF Installer . | . . . Robots Hacked . | . . . Non-combat . | . . . Combat . | . . . Robot Hacks Applied . | . . . Relay Couplers Released . | . . . Fabnet Peak Effective % . | . . . Robots Rewired . | . . . Allies Hacked . | . . . Hacks Repelled . | . . . Allies | -11 -10 -9 -------- Run | Yrd Mat Mat Total Allies . | . . . Largest Group . | . . . Highest-Rated Group . | . . . Highest-Rated Ally . | . . . Total Orders . | . . . Ally Attacks . | . . . Total Damage . | . . . Kills . | . . . Allies Corrupted . | . . . Allies Melted . | . . . Intel | -11 -10 -9 ------- Run | Yrd Mat Mat Robot Analysis Total . | . . . Derelict Logs Recovered . | . . . Drone Launches . | . . . Drone Recoveries . | . . . Exploration | -11 -10 -9 ------------- Run | Yrd Mat Mat Turns Passed 880 | 73 112 695 Spaces Moved 387 | 55 89 243 Core 13 | 13 . . Treads 46 | . . 46 Legs 328 | 42 89 197 Wheels . | . . . Hover . | . . . Flight . | . . . Fastest Speed 50 | 50 120 120 Average Speed 172 | 103 120 206 Slowest Speed 260 | 120 120 260 Overloaded Moves . | . . . Propulsion Burnouts . | . . . Robots Hopped . | . . . Cave-ins Triggered . | . . . Exploration Rate (%) 14 | 4 20 18 Regions Visited 2 Branch Regions . Pre-discovered Areas . | . . . Known Exits Taken . | . . . Unknown Exits Taken 2 | 1 1 . Scrap Searched . | . . . Spaces Dug . | . . . Terrain Destroyed 26 | . . 26 Melee . | . . . Projectile . | . . . AOE 26 | . . 26 Terrain Rammed . | . . . Walls Destroyed . | . . . Machines Disabled . | . . . Actions | -11 -10 -9 --------- Run | Yrd Mat Mat Total 507 | 70 93 344 Wait 7 | . . 7 Move 385 | 54 88 243 Hop . | . . . Pick Up 24 | 10 3 11 Fast Attach 3 | 2 . 1 Attach 18 | 4 1 13 Detach 2 | . . 2 Swap 1 | . 1 . Drop 3 | . . 3 Fire 45 | . . 45 Melee . | . . . Ram . | . . . Kick 16 | . . 16 Crush 3 | . . 3 Escape Stasis . | . . . Rewire . | . . . Trap . | . . . Miscellaneous . | . . . Route ------- -11/Scrapyard -10/Materials -9/Materials History --------- Turn | Location | Event 2 | -11/Scrapyard | Met Revision 17 11 | -11/Scrapyard | Discovered new exit (range 15) 74 | -11/Scrapyard | Entered Materials 168 | -10/Materials | Discovered new exit (range 16) 186 | -10/Materials | Entered another Materials area 186 | -9/Materials | Evolved 2 slots: Power x1, Utility x1 268 | -9/Materials | Lost 4 parts (2p2w) 316 | -9/Materials | Build established: Mutant 377 | -9/Materials | Core integrity fell below 50% 419 | -9/Materials | Lost 3 parts (1p1n1w) 859 | -9/Materials | Core integrity fell below 20% 881 | -9/Materials | Destroyed by S-10 Pest with Light Assault Rifle Last Messages --------------- 00677_ Dropped Heat Sink. 00678_ Acquired 10 matter. 00722_ K-01 Serf collects debris. 00739_ Acquired Shield Generator. 00772_ W-16 Scout sends out distress signal. 00772_ Aluminum Leg destroyed. 00772_ System corrupted by crushing effect (+1). 00794_ Slammed into K-01 Serf. 00801_ Slammed into R-06 Scavenger. 00806_ W-16 Scout sends out distress signal. 00830_ Shield Generator destroyed. 00836_ System corrupted: Energy discharge (-32). 00868_ B-36 Bruiser destroyed. 00868_ Switching to secondary target: G-34 Mercenary. 00871_ Critical hit (Burn: +37). 00874_ Sml. Laser destroyed. 00874_ G-34 Mercenary destroyed. 00874_ U-05 Engineer destroyed. 00876_ Acquired 7 matter. Map ----- +----------------------------------------------------+ | ???# #???????????????????????????????????????????? | | #### #???????????????????????????????????????????? | | # #???????????????????????????????????????????? | | # #???????????????????????????????????????????? | | # #???????????????????????????????????????????? | | # ############## ????????????????????? | | + ????????????????????? | | ########## ######+#???????????????????????????? | | #????????# #??????????????????????????????????? | | #????????# #??????????????????????????????????? | | #????????# #????????????????????????? ????????? | | ############# #????????????????????????? ????????? | | + #????????????????????????? ????????? | | #### ####????????????????????????? ????????? | | #??# #???????????????????????????? #???????? | | #??# #???????????????????????????# #???????? | | #### #???????????????????????????# #???????? | | ##T#% ###############?????????????# ######### | | + ????????????? ## | | # #####+#####???????????# ##= | | # """"" #?# ????????????# ## | | #### ""T"" #?? ?????????#### ## | | T #% ##?? ???######## ######+ | | + #??? ???# ! ##### | | # #????#s##### !%* T | | # """ """ ######=@=%=!s ! ##### % | | ==?# """ """ *######+##### ###### # | | ==?# """ """ #???? ???###+#### | | =??# #???? ???# ## % | | ??# #??? ??# ## | | ???# ### #??? ??# ## """" | | ???######?# #?? ?# """ ## """" | | ??????????# ########?? ?# """ ## """" | | ??????????#########???????? # """ ## | | ??????????????????????????? # ## | | ??????????????????????????######################## | | ?????????????????????????????????????????????????? | | | | | | | | | | | | | | | | | | | | | | | | | | | +----------------------------------------------------+ Best States ------------- Heat Dissipation 38 Energy Generation 15 Energy Capacity 275 Matter Stores 300 Matter Capacity 450 Sight Range 16 Terrain Scan Density 10 Additional Mass Support 6 Armor Coverage 150 Evasion (%) 55 Recoil Reduction 2 Item Schematics ----------------- None Robot Schematics ------------------ None Fabricated ------------ Nothing Alien Tech Used ----------------- None Achievements -------------- None Challenges ------------ None Game ------ Seed PhysicsTrapInjector Manual? 0 Play Time 00:10:23 Cumulative 2.9 hours Start 2024.05.07 @ 23:59:38 End 2024.05.08 @ 00:08:11 Sessions 1 Manual Loads 0 Difficulty Rogue Special Mode None Game No. 8 Rogue 8 Adventurer 0 Explorer 0 Win Type - Total 0 Types 0/0/0/0/0/0/0/0/0 Lore% 1 Gallery% 7 Achievement% 6 Wizard Run 0 Options --------- Layout 1 ASCII 0 Keyboard 0 Movement Mouse Keybinds 0 Fullscreen 2 Font 32/SmallcapsGlow Map View 50x35 Zoom Use 0% Tactical HUD 1 Map Filters NONE Filters NONE Steam 1 RUN: 6dc5d984-eb20-42d8-9612-97875281f611